Map: Sludge City

Players

Knowyrrole

  • Race: Terran Terran
  • Spawn Location: 5:00

Stinkles

  • Race: Zerg Zerg
  • Spawn Location: 5:00

IDAN - Winner!

  • Race: Zerg Zerg
  • Spawn Location: 11:00

Grumm - Winner!

  • Race: Zerg Zerg
  • League: Gold
  • Spawn Location: 9:00

VOD

Have the link to the VOD?

Description

Time

  • Played on: Jan. 9, 2016, 4:02 a.m.
  • Length: 14:15
Show
View Real Time Build Order
Export as new Build Order

Knowyrrole Terran 

Build Orders: Liberator Opening, MMM Bio 

Get SALT Encoding   

  12  0:01  SCV  
  13  0:13  SCV  
  14  0:21  Supply Depot  
  14  0:25  SCV  
  15  0:33  Refinery  
  15  0:43  SCV  
  15  0:46  Barracks  
  16  0:55  SCV  
  17  1:07  SCV  
  17  1:09  Refinery  
  18  1:19  SCV  
  19  1:31  SCV  
  20  1:36  Supply Depot  
  20  1:39  Barracks Tech Lab  
  20  1:43  SCV  
  21  1:49  Factory  
  21  1:55  Orbital Command  
  21  1:58  Marine  
  22  2:04  Stimpack  
  22  2:24  SCV  
  22  2:27  Marauder  
  25  2:34  Starport  
  25  2:36  Factory Reactor  
  25  2:37  SCV  
  26  2:48  Marauder  
  26  2:49  SCV  
  29  2:54  Supply Depot  
  29  2:58  Liberator  
  29  3:03  SCV  
  33  3:32  Command Center  
  33  3:47  Marauder  
  33  3:48  Hellion x2  
  34  4:06  SCV  
  35  4:16  Hellion x2  
  35  4:29  Supply Depot, SCV  
  36  4:35  Supply Depot  
  36  4:50  Starport Reactor  
  36  4:52  Marauder  
  38  4:53  SCV  
  38  4:58  Supply Depot, Armory  
  40  5:01  Orbital Command  
  40  5:05  SCV  
  40  5:17  Hellion x2  
  40  5:18  SCV  
  40  5:19  Marauder  
  47  5:30  SCV  
  48  5:43  SCV x2  
  48  5:49  Concussive Shells  
  50  5:50  Engineering Bay, Armory  
  50  5:51  Marauder  
  50  5:55  SCV  
  50  5:56  Hellbat  
  55  5:57  Barracks  
  55  6:00  Hellbat  
  55  6:03  SCV  
  58  6:07  SCV  
  61  6:25  Marauder  
  61  6:30  Hellbat x2  
  65  6:33  Medivac x2  
  69  6:43  SCV  
  69  6:45  Factory  
  69  6:46  SCV  
  71  6:52  Refinery  
  71  6:55  Terran Vehicle Weapons Level 1, SCV  
  71  6:56  Refinery  
  72  7:07  Barracks Tech Lab  
  72  7:11  Barracks  
  72  7:27  SCV x2  
  72  7:29  Command Center  
  74  7:31  Marauder x2  
  78  7:39  Starport, Factory Tech Lab  
  78  7:43  Liberator  
  78  7:54  Liberator  
  76  7:58  Marine  
  78  8:07  Hellbat x2  
  75  8:12  Barracks Tech Lab  
  75  8:13  Thor  
  75  8:16  Marine  
  78  8:20  Starport Reactor  
  78  8:24  Supply Depot, Barracks  
  78  8:25  Terran Infantry Weapons Level 1  
  78  8:28  Terran Vehicle And Ship Armor Level 1, Engineering Bay  
  78  8:33  Combat Shields  
  78  8:35  Marine x2  
  78  8:36  Marauder, SCV x2  
  84  8:53  Marine, Hellbat x2  
  89  9:04  SCV  
  89  9:05  SCV  
  89  9:07  Orbital Command  
  91  9:10  Missile Turret  
  91  9:15  Marauder, Marine x2  
  92  9:17  Hellbat x2, Thor  
  92  9:22  Supply Depot, SCV x2  
  104  9:31  Missile Turret  
  104  9:33  Marauder  
  104  9:34  SCV x2  
  106  9:46  Supply Depot  
  106  9:50  Marauder  
  106  9:51  Marauder  
  107  9:54  Marauder  
  108  10:11  Marine x2  
  96  10:16  Marauder  
  96  10:19  Terran Infantry Armor Level 1  
  90  10:29  Marine  
  90  10:30  Marauder  
  93  10:36  Hellbat x2, Thor  
  93  10:37  Marine  
  93  10:39  Medivac x2  
  108  10:43  SCV  
  108  10:44  Supply Depot, SCV x2  
  108  10:47  Marine  
  112  10:51  Marauder  
  105  10:59  Marine  
  105  11:01  Hellbat x2  
  105  11:05  Marine  
  106  11:13  Medivac x2, Marauder  
  106  11:15  SCV  
  106  11:16  Refinery  
  113  11:20  SCV  
  113  11:24  SCV  
  111  11:27  Refinery  
  111  11:28  Refinery  
  109  11:39  Liberator, Command Center  
  109  11:51  Marauder, Marine x2  
  113  11:56  Medivac x2  
  113  11:58  SCV x2  
  107  12:09  Marauder  
  107  12:14  SCV  
  110  12:16  Liberator x2  
  110  12:22  Marine  
  110  12:23  Marauder  
  110  12:25  Thor, Hellbat x2  
  97  13:11  Marauder x3  
  93  13:30  Planetary Fortress  
  93  13:32  Marauder  
  93  13:33  Marauder  
Show
View Real Time Build Order
Export as new Build Order

Stinkles Zerg 

Build Orders: Hatch First 

Get SALT Encoding   

  12  0:02  Drone  
  13  0:17  Drone  
  13  0:18  Overlord  
  14  0:37  Drone x2  
  14  0:38  Drone  
  17  0:57  Drone  
  17  0:59  Hatchery  
  17  1:05  Drone  
  18  1:11  Drone  
  19  1:19  Spawning Pool  
  18  1:33  Drone x2  
  18  1:39  Extractor  
  19  1:44  Drone, Extractor  
  19  1:54  Overlord  
  19  2:08  Zergling x2  
  20  2:17  Queen  
  20  2:18  Spine Crawler  
  20  2:19  Queen  
  23  2:23  Zergling x4  
  25  2:32  Drone x2  
  25  2:33  Metabolic Boost  
  27  2:37  Drone  
  28  2:58  Queen  
  30  3:10  Drone x3  
  30  3:11  Drone  
  34  3:33  Roach Warren  
  34  3:34  Drone x3  
  36  3:55  Overlord x4  
  35  4:18  Zergling x12  
  41  4:37  Drone  
  41  4:38  Drone x3  
  45  4:42  Roach x2  
  49  5:03  Drone  
  49  5:04  Drone x3  
  53  5:23  Extractor  
  53  5:24  Extractor  
  53  5:25  Drone x4  
  53  5:27  Hatchery  
  54  5:29  Spore Crawler  
  47  5:41  Roach x3  
  53  5:56  Overlord x2  
  53  5:57  Roach  
  53  5:58  Roach x5  
  65  6:06  Evolution Chamber  
  65  6:07  Drone x2  
  65  6:08  Evolution Chamber  
  51  7:05  Drone x6  
  51  7:06  Drone x3  
  60  7:23  Hatchery, Zerg Missile Weapons Level 1, Zerg Ground Armor Level 1  
  59  7:36  Roach x4  
  67  8:00  Extractor x2  
  63  8:13  Roach x9  
  63  8:19  Hatchery  
  68  9:06  Drone x4  
  68  9:07  Drone  
  73  9:11  Roach  
  73  9:12  Roach x5  
  85  9:17  Lair  
  85  9:26  Drone x2  
  85  9:27  Drone x2  
  85  9:30  Ravager  
  85  9:31  Ravager x3  
  93  9:32  Roach  
  93  9:34  Overlord x3  
  88  10:19  Zergling x24  
  95  10:32  Roach x4  
  66  11:35  Spine Crawler  
  61  11:53  Roach  
  61  11:54  Roach x8  
  44  12:08  Roach  
  44  12:09  Roach x2  
  48  12:22  Spawning Pool  
  48  12:24  Drone x3  
  49  12:46  Drone x2  
  45  12:59  Zergling x10  
  22  13:30  Zergling x2  
  22  13:31  Zergling x16  
Show
View Real Time Build Order
Export as new Build Order

IDAN Zerg - Winner!

Build Orders: Hatch First 

Get SALT Encoding   

  12  0:12  Overlord  
  13  0:14  Drone  
  13  0:29  Drone  
  13  0:30  Drone  
  15  0:42  Drone  
  16  0:51  Drone  
  17  1:05  Hatchery  
  17  1:06  Drone  
  17  1:15  Spawning Pool  
  17  1:17  Drone  
  17  1:23  Extractor  
  17  1:25  Drone  
  17  1:37  Drone  
  18  1:42  Drone  
  19  1:50  Overlord  
  19  1:54  Evolution Chamber  
  18  2:03  Zergling x2  
  18  2:04  Queen  
  21  2:13  Zergling x2  
  22  2:25  Queen  
  22  2:26  Zergling x4  
  26  2:34  Drone  
  27  2:50  Metabolic Boost  
  27  2:52  Zergling x6  
  27  2:53  Zergling x2  
  31  3:08  Zergling x6  
  34  3:15  Extractor  
  34  3:16  Drone x2  
  34  3:19  Drone  
  36  3:21  Overlord x2  
  27  4:21  Zergling x8  
  27  4:22  Zergling x12  
  36  4:27  Zerg Missile Weapons Level 1  
  35  4:31  Drone x2, Roach Warren  
  36  4:44  Drone x2  
  38  5:02  Lair  
  38  5:04  Drone  
  39  5:10  Spore Crawler x2  
  37  5:15  Spore Crawler  
  37  5:17  Spore Crawler  
  37  5:18  Drone  
  37  5:19  Drone x4  
  37  5:20  Spore Crawler  
  29  5:40  Spine Crawler  
  28  5:45  Spine Crawler  
  28  5:46  Roach x3  
  33  5:54  Drone x3  
  33  5:56  Drone  
  37  6:01  Drone  
  37  6:03  Drone  
  39  6:11  Glial Reconstitution  
  39  6:13  Evolution Chamber  
  39  6:14  Drone  
  39  6:16  Drone  
  40  6:33  Roach  
  40  6:34  Roach  
  40  6:36  Overlord x3  
  44  6:41  Zerg Missile Weapons Level 2  
  44  6:48  Overlord x2  
  44  6:54  Zerg Ground Armor Level 1  
  44  6:56  Drone  
  44  6:58  Drone  
  44  6:59  Drone  
  47  7:01  Drone  
  47  7:04  Extractor  
  47  7:17  Burrow  
  47  7:19  Infestation Pit  
  47  7:21  Roach  
  47  7:22  Roach  
  50  7:28  Drone  
  51  7:30  Tunneling Claws, Drone x2  
  51  7:33  Extractor  
  51  7:34  Drone x3  
  55  7:38  Drone  
  56  7:56  Roach  
  56  7:57  Roach x6  
  56  7:58  Roach  
  70  8:18  Roach  
  70  8:19  Roach x6  
  84  8:29  Hive  
  84  8:33  Overlord  
  84  8:34  Overlord  
  84  8:43  Roach x21  
  84  8:49  Zerg Ground Armor Level 2  
  84  8:57  Roach x21  
  84  8:59  Roach  
  84  9:00  Roach x4  
  94  9:25  Roach  
  94  9:26  Roach x2  
  94  9:27  Overlord x2  
  94  9:28  Overlord  
  100  9:45  Roach x22  
  92  9:56  Roach  
  92  9:57  Roach x10  
  70  10:14  Roach x2  
  68  10:33  Zerg Missile Weapons Level 3, Roach  
  68  10:34  Roach x3  
  76  10:44  Roach x2  
  80  10:52  Roach x4  
  80  10:55  Roach x4  
  98  11:18  Roach  
  98  11:19  Roach x3  
  106  11:33  Roach x6  
  92  12:04  Roach x22  
  90  12:09  Roach x2  
  90  12:10  Roach x7  
  108  12:32  Roach x2  
  108  12:33  Roach x3  
  108  12:36  Roach x22  
  114  13:00  Roach x23  
  100  13:16  Roach  
  100  13:19  Roach x26  
Show
View Real Time Build Order
Export as new Build Order

Grumm Zerg - Winner!

Build Orders: Hatch First 

Get SALT Encoding   

  12  0:01  Drone  
  13  0:15  Overlord  
  13  0:17  Drone  
  14  0:45  Hatchery  
  14  0:46  Drone  
  14  0:50  Drone  
  14  0:56  Drone  
  16  1:00  Drone  
  17  1:07  Extractor  
  16  1:17  Spawning Pool  
  15  1:20  Drone  
  16  1:27  Drone  
  18  1:32  Drone  
  18  1:52  Drone x2  
  20  2:00  Evolution Chamber  
  19  2:02  Extractor  
  19  2:08  Drone x2  
  20  2:14  Drone x2, Extractor  
  21  2:20  Spine Crawler  
  20  2:25  Spine Crawler  
  19  2:30  Zerg Melee Weapons Level 1  
  19  2:38  Drone x3  
  22  2:47  Queen  
  24  2:56  Queen  
  26  3:11  Drone x2  
  28  3:13  Metabolic Boost  
  28  3:19  Overlord  
  28  3:20  Overlord  
  28  3:30  Baneling Nest  
  27  3:41  Drone  
  27  3:42  Drone x5  
  27  3:47  Extractor  
  32  3:52  Lair  
  32  4:09  Drone  
  33  4:10  Drone x8  
  41  4:26  Overlord x2  
  41  4:47  Zergling x2  
  41  4:48  Zergling x6  
  45  4:53  Hatchery, Nydus Network  
  43  5:04  Zergling x2  
  43  5:05  Zergling x10  
  49  5:09  Drone  
  49  5:10  Drone  
  51  5:16  Queen  
  53  5:22  Zerg Missile Weapons Level 1  
  53  5:29  Hydralisk Den  
  53  5:32  Baneling x4  
  53  5:33  Baneling x16  
  52  5:43  Zergling x2  
  52  5:44  Zergling x10  
  58  5:51  Nydus Canal  
  58  5:55  Zergling x4  
  58  5:56  Overlord  
  58  5:57  Overlord x3  
  49  6:38  Zergling x4, Hydralisk  
  49  6:39  Hydralisk x8  
  64  6:45  Drone  
  64  6:46  Drone x3  
  68  7:10  Baneling  
  68  7:11  Baneling x7  
  68  7:13  Hydralisk  
  68  7:14  Hydralisk  
  72  7:21  Drone  
  72  7:22  Drone x8  
  81  7:25  Spine Crawler  
  81  7:27  Spore Crawler  
  79  7:38  Hydralisk x5  
  85  7:55  Spine Crawler x2  
  78  7:59  Spine Crawler  
  73  8:08  Hydralisk x6  
  73  8:09  Hydralisk  
  79  8:22  Drone  
  79  8:23  Drone x5  
  78  9:20  Zergling x2  
  78  9:21  Zergling x20  
  89  9:51  Hatchery, Nydus Canal  
  88  9:55  Hydralisk x4  
  88  9:58  Overlord x3  
  84  10:46  Hydralisk x7  
  83  10:59  Hydralisk  
  83  11:00  Hydralisk  
  60  11:29  Hydralisk  
  60  11:30  Hydralisk x9  
  74  11:34  Zerg Missile Weapons Level 2, Muscular Augments  
  70  11:42  Hydralisk x2  
  72  12:13  Zergling x14  
  72  12:14  Zergling x4  
  81  12:20  Infestation Pit  
  80  12:44  Hatchery  
  49  13:03  Zergling x2  
  49  13:04  Zergling x16  
  52  13:08  Drone  
Tags
 
Add a new tag
Caveats
  • Supply blocks, unpowered buildings, or Contaminate may cause inaccurate times.
  • Supply counts are checked every 10 seconds.